Map: [ESL] Moondance

Players

Solar

  • Race: Zerg Zerg
  • Spawn Location: 12:00

Maru - Winner!

  • Race: Terran Terran
  • Spawn Location: 6:00

Event: DreamHack SC2 Masters 2022 Atlanta (Offline)

VOD

Have the link to the VOD?

Description

Time

  • Played on: Nov. 19, 2022, 6:47 p.m.
  • Length: 11:06

All games in this series

Show
View Real Time Build Order
Export as new Build Order

Solar Zerg 

Build Orders: Pool First 

Get SALT Encoding   

  12  0:00  Drone  
  13  0:12  Overlord  
  13  0:16  Drone  
  14  0:31  Drone x2  
  14  0:35  Drone  
  17  0:37  Extractor  
  16  0:45  Spawning Pool  
  15  0:50  Drone  
  15  0:55  Drone  
  17  1:16  Hatchery  
  16  1:20  Drone  
  17  1:32  Queen  
  19  1:40  Metabolic Boost  
  19  1:43  Zergling x2  
  20  1:47  Drone  
  20  1:52  Overlord  
  21  1:57  Zergling x2  
  22  2:10  Queen  
  22  2:12  Zergling x2  
  25  2:17  Zergling x2  
  26  2:27  Queen  
  26  2:29  Zergling x2  
  29  2:30  Drone  
  30  2:39  Drone x4  
  34  2:44  Overlord  
  34  2:51  Drone  
  34  2:52  Drone  
  36  3:06  Hatchery  
  36  3:09  Drone  
  36  3:13  Drone  
  36  3:14  Drone  
  36  3:17  Drone  
  39  3:20  Overlord  
  39  3:23  Drone  
  39  3:25  Drone x2  
  42  3:28  Drone  
  42  3:31  Drone  
  44  3:34  Overlord  
  44  3:40  Drone  
  45  3:42  Drone x2  
  45  3:43  Drone  
  45  3:44  Drone  
  49  3:49  Queen  
  49  3:54  Drone  
  49  3:55  Drone, Overlord  
  53  3:57  Drone  
  53  3:59  Drone  
  54  4:04  Drone  
  54  4:08  Overlord  
  56  4:10  Drone  
  56  4:16  Drone  
  57  4:18  Drone x2  
  57  4:19  Queen  
  57  4:21  Drone  
  62  4:24  Drone  
  62  4:25  Queen, Drone x2  
  62  4:26  Drone  
  62  4:29  Drone x2  
  62  4:30  Drone  
  71  4:35  Lair  
  71  4:40  Spore Crawler, Extractor x2  
  71  4:44  Drone x3  
  71  4:47  Spore Crawler  
  71  4:49  Baneling Nest, Drone  
  71  4:51  Drone  
  71  4:55  Drone x4  
  71  4:59  Queen, Overlord  
  77  5:01  Drone  
  77  5:02  Drone  
  79  5:08  Drone x2  
  79  5:09  Spore Crawler, Zergling x4  
  79  5:13  Drone, Evolution Chamber  
  81  5:14  Evolution Chamber  
  81  5:15  Drone  
  81  5:17  Extractor x2  
  81  5:18  Overlord  
  75  5:31  Drone x8  
  75  5:34  Drone  
  84  5:36  Spore Crawler  
  84  5:38  Drone x2  
  84  5:40  Zergling x2  
  84  5:41  Zergling x2  
  84  5:42  Zergling x2  
  89  5:49  Drone  
  88  5:53  Drone  
  89  5:59  Drone x3  
  89  6:03  Zerg Ground Armor Level 1  
  91  6:04  Drone x3  
  91  6:05  Drone  
  95  6:12  Overlord  
  95  6:15  Zergling x2  
  95  6:16  Centrifugal Hooks  
  95  6:17  Zergling x4, Hatchery  
  95  6:18  Zergling x2  
  98  6:19  Overlord  
  98  6:23  Overlord  
  98  6:26  Overlord  
  98  6:27  Zerg Melee Weapons Level 1  
  98  6:28  Overlord  
  98  6:30  Overlord  
  98  6:32  Zergling x4  
  100  6:34  Pneumatized Carapace  
  100  6:36  Zergling x4  
  101  6:42  Overseer  
  101  6:44  Zergling x10  
  101  6:46  Baneling x5  
  106  6:49  Baneling x2  
  106  6:50  Zergling x2  
  106  6:52  Zergling x8  
  111  6:55  Zergling x6  
  111  6:57  Overseer  
  111  6:58  Overlord  
  114  7:03  Zergling x4  
  116  7:09  Zergling x2  
  116  7:10  Drone  
  116  7:12  Baneling x2  
  114  7:17  Zergling x6  
  114  7:18  Hatchery  
  114  7:20  Zergling x2  
  114  7:21  Zergling x8  
  113  7:28  Zergling x2  
  113  7:29  Zergling x4  
  116  7:31  Hydralisk Den  
  116  7:33  Drone  
  116  7:36  Drone  
  114  7:39  Drone  
  114  7:43  Baneling x3, Overseer  
  114  7:45  Drone x2  
  116  7:52  Zergling x8  
  116  7:55  Overlord  
  116  7:56  Baneling x3, Drone, Hatchery  
  116  7:57  Baneling  
  119  8:03  Grooved Spines, Drone  
  121  8:06  Zergling x4  
  121  8:13  Extractor  
  121  8:16  Hydralisk x4  
  121  8:19  Drone  
  125  8:20  Zergling x8  
  125  8:24  Zergling x2  
  129  8:28  Hydralisk x5  
  129  8:30  Queen  
  129  8:31  Drone, Overlord  
  129  8:32  Hatchery  
  141  8:34  Zerg Ground Armor Level 2  
  141  8:37  Zergling x2  
  141  8:40  Hatchery  
  142  8:41  Drone  
  142  8:43  Zerg Melee Weapons Level 2  
  142  8:46  Drone x2  
  142  8:47  Spore Crawler, Extractor  
  143  8:52  Zergling x18  
  143  8:54  Baneling x7  
  152  8:58  Overlord  
  152  9:02  Zergling x8  
  143  9:06  Overlord  
  143  9:07  Zergling x4  
  143  9:09  Drone  
  142  9:13  Drone  
  142  9:15  Hydralisk  
  146  9:17  Zergling x6  
  146  9:22  Zergling x10  
  146  9:23  Infestation Pit  
  149  9:28  Overseer  
  149  9:30  Zergling x10  
  155  9:32  Overlord  
  155  9:33  Overlord  
  155  9:36  Baneling x3  
  152  9:39  Hydralisk x2  
  152  9:44  Hatchery  
  145  9:47  Zergling x12, Muscular Augments  
  145  9:49  Overseer  
  145  9:51  Baneling x9, Hydralisk  
  145  9:52  Hydralisk x2  
  153  9:54  Zergling x6  
  153  9:55  Zergling x4  
  153  9:59  Zergling x10  
  162  10:03  Queen  
  147  10:07  Zergling x2  
  147  10:11  Zergling x2  
  147  10:12  Zergling x4  
  143  10:14  Baneling x2, Drone x2  
  143  10:15  Overseer, Drone  
  143  10:16  Drone  
  143  10:19  Baneling x7  
  141  10:22  Zergling x12  
  140  10:31  Zergling x8  
  140  10:33  Zergling x4  
  132  10:38  Baneling x3  
  132  10:40  Hydralisk  
  133  10:44  Zergling x6  
Show
View Real Time Build Order
Export as new Build Order

Maru Terran - Winner!

Build Orders:  

Get SALT Encoding   

  12  0:00  SCV  
  13  0:12  SCV  
  14  0:17  Supply Depot  
  14  0:24  SCV  
  15  0:39  SCV  
  15  0:40  Barracks  
  16  0:43  Refinery  
  16  0:51  SCV  
  17  0:58  Barracks  
  17  1:03  SCV  
  18  1:15  SCV  
  19  1:27  Reaper, Orbital Command  
  20  1:36  Supply Depot  
  20  1:45  Reaper  
  21  1:54  SCV  
  22  2:02  Reaper  
  22  2:06  SCV  
  24  2:11  Command Center  
  24  2:18  SCV  
  24  2:20  Refinery  
  24  2:22  Marine  
  26  2:30  SCV  
  27  2:39  Factory  
  27  2:42  SCV  
  28  2:54  SCV  
  28  2:55  Marine  
  28  2:56  Marine  
  31  3:00  Bunker  
  31  3:15  Command Center  
  31  3:22  SCV, Orbital Command  
  31  3:26  Factory Reactor  
  32  3:32  Starport  
  32  3:34  SCV  
  32  3:37  Barracks Tech Lab  
  32  3:39  Barracks Reactor  
  33  3:47  SCV  
  34  3:51  SCV  
  35  3:57  Stimpack, Marine  
  35  3:59  SCV  
  37  4:03  SCV  
  37  4:05  Widow Mine x2  
  37  4:07  Supply Depot  
  42  4:10  Medivac  
  42  4:11  SCV  
  42  4:15  SCV  
  46  4:26  SCV, Marine x3  
  46  4:27  Widow Mine x2  
  46  4:28  Orbital Command  
  46  4:30  SCV  
  55  4:34  Refinery  
  55  4:39  SCV  
  55  4:42  SCV  
  55  4:44  Marine x3  
  60  4:48  Widow Mine x2  
  64  4:54  Engineering Bay x2, SCV  
  64  4:55  SCV  
  64  4:57  SCV  
  67  5:03  Starport Reactor  
  67  5:06  SCV  
  68  5:07  SCV  
  68  5:08  Barracks  
  69  5:15  Supply Depot  
  69  5:22  Terran Infantry Weapons Level 1  
  69  5:26  SCV, Terran Infantry Armor Level 1, Marine  
  69  5:29  SCV, Marine  
  69  5:34  SCV, Marine  
  69  5:38  SCV  
  69  5:39  Widow Mine x2  
  69  5:41  SCV  
  73  5:44  Marine  
  73  5:46  SCV  
  73  5:47  Marine  
  75  5:50  SCV  
  75  5:53  SCV  
  75  5:55  Supply Depot, Barracks x2  
  77  6:00  SCV  
  77  6:03  SCV  
  77  6:07  Refinery  
  77  6:08  Medivac x2  
  77  6:09  Barracks Reactor, Supply Depot, Widow Mine x2, Combat Shield  
  85  6:16  SCV x2, Marine  
  85  6:17  Marine x2  
  90  6:18  SCV  
  90  6:21  Supply Depot  
  91  6:28  SCV  
  91  6:29  SCV  
  91  6:30  SCV  
  94  6:34  Supply Depot  
  94  6:37  Marine x3  
  94  6:39  Widow Mine x2  
  101  6:42  Barracks Reactor  
  101  6:43  Barracks Reactor, Armory  
  101  6:46  Supply Depot, SCV x2  
  103  6:48  Marine  
  103  6:53  Supply Depot  
  103  6:54  Refinery  
  104  6:56  Medivac  
  104  6:58  Medivac  
  104  7:04  Marine x2  
  104  7:05  SCV  
  104  7:07  SCV  
  104  7:10  SCV  
  104  7:14  Command Center  
  103  7:20  Marine x6  
  103  7:21  Marine x2  
  103  7:22  Widow Mine x2  
  106  7:26  Supply Depot  
  106  7:29  Marine  
  107  7:33  Medivac x2  
  111  7:38  Marine x3  
  111  7:41  Marine  
  111  7:42  Marine  
  111  7:43  Widow Mine x2  
  117  7:45  Factory  
  117  7:46  Terran Infantry Weapons Level 2  
  117  7:50  Marine x3  
  120  8:01  Marine x3  
  123  8:08  Terran Infantry Armor Level 2  
  123  8:10  Supply Depot, Barracks, Marine x4  
  123  8:11  Barracks x2, Widow Mine x2  
  131  8:14  Marine x2  
  131  8:19  SCV  
  134  8:21  Supply Depot, SCV  
  134  8:25  Marine  
  132  8:31  Marine  
  132  8:32  Widow Mine x2, Marine  
  132  8:34  Medivac x2  
  139  8:37  Factory Tech Lab  
  140  8:43  Marine x2  
  140  8:44  SCV x2, Marauder  
  140  8:47  SCV  
  147  8:52  Marine  
  147  8:54  Widow Mine x2, Marine x3  
  155  8:57  Marine  
  155  9:02  Barracks Tech Lab x2  
  152  9:03  Barracks Tech Lab  
  152  9:05  Marauder  
  152  9:06  Medivac x2  
  157  9:11  Planetary Fortress  
  157  9:13  SCV  
  157  9:14  Supply Depot  
  157  9:15  Widow Mine x2  
  160  9:17  Marine x2  
  160  9:21  Supply Depot, SCV, Marine  
  164  9:26  Marauder  
  164  9:29  Widow Mine, Drilling Claws  
  168  9:36  Marine x2  
  168  9:37  Marauder x2  
  172  9:38  Marine x2  
  172  9:39  Marauder  
  172  9:41  Marine x2  
  166  9:46  Marine  
  166  9:48  Marauder  
  165  9:55  Marine x2  
  165  9:58  Marauder x2  
  171  10:00  Marauder  
  171  10:02  Marine x2  
  171  10:03  Marine  
  162  10:08  Medivac, Widow Mine x2  
  162  10:09  Marauder  
  162  10:11  Concussive Shells  
  162  10:13  Marine  
  169  10:19  Widow Mine  
  169  10:20  Marauder x2  
  173  10:22  Marauder  
  170  10:29  Widow Mine x2  
  170  10:31  Marauder, Marine  
  170  10:32  Marine x2  
  170  10:33  Marine x2  
  169  10:36  Ghost Academy  
  169  10:39  Command Center  
  169  10:41  Widow Mine, Marauder x2  
  172  10:43  SCV, Marauder  
Tags
 
Add a new tag
Caveats
  • Supply blocks, unpowered buildings, or Contaminate may cause inaccurate times.
  • Supply counts are checked every 10 seconds.